 Dungeon Crawl Stone Soup version 0.21-a0-78-g82a99e0 (webtiles) character file.

2527 Kidiri the Insei (level 9, -19/65 HPs)
             Began as a Demonspawn Transmuter on June 21, 2017.
             Was an Initiate of Wu Jian.
             Shot with a sling bullet by Joseph (25 damage)
             ... on level 7 of the Dungeon.
             The game lasted 00:38:37 (10266 turns).

Kidiri the Insei (Demonspawn Transmuter)           Turns: 10266, Time: 00:38:38

Health: -19/65     AC:  2    Str: 13    XL:     9   Next: 29%
Magic:  16/16      EV: 21    Int: 14    God:    Wu Jian [......]
Gold:   359        SH:  0    Dex: 20    Spells: 2/17 levels left

rFire    . . .     SeeInvis .     - Unarmed
rCold    . . .     Gourm    .   (shield currently unavailable)
rNeg     . . .     Faith    .   (armour currently unavailable)
rPois    .         Spirit   .   (helmet currently unavailable)
rElec    .         Reflect  .   (cloak currently unavailable)
rCorr    .         Harm     .   (gloves currently unavailable)
MR       .....                  (boots currently unavailable)
Stlth    ++........             (no amulet)
HPRegen  0.20/turn              s - ring of poison resistance
MPRegen  0.15/turn              (no ring)

@: spider-form (expiring), heavily drained
A: powered by death 2, powered by pain 1
a: End Transformation, Renounce Religion


You were on level 7 of the Dungeon.
You worshipped Wu Jian.
Wu Jian was noncommittal.
You were not hungry.
You were a venomous arachnid creature.
You visited 2 branches of the dungeon, and saw 8 of its levels.

You collected 359 gold pieces.

Inventory:

Missiles
 a - 185 arrows
Armour
 d - a scarf of repulsion (melded)
 n - a +0 cloak
 q - a +1 leather armour (melded)
 u - a cursed +0 buckler (melded)
Jewellery
 s - a ring of poison resistance (left front leg)
Wands
 e - a wand of scattershot (6/9)
 v - a wand of polymorph (14/24)
Scrolls
 k - 4 scrolls of teleportation
 l - 2 scrolls of immolation
 y - 3 scrolls of enchant weapon
Potions
 b - a potion of agility
 f - 2 potions of cancellation
 g - 2 potions of lignification
 o - a potion of flight
 p - a potion of might
 t - a potion of curing
Books
 c - a book of Changes

   Spells                             Type                      Level
   a - Beastly Appendage              Transmutation                1
   b - Sticks to Snakes               Transmutation                2
   c - Spider Form                    Transmutation/Poison         3
   d - Ice Form                       Ice/Transmutation            4
   e - Blade Hands                    Transmutation                5
 j - a book of Party Tricks

   Spells                             Type                      Level
   a - Summon Butterflies             Summoning                    1
   b - Apportation                    Translocation                1
   c - Lesser Beckoning               Translocation                3
   d - Tukima's Dance                 Hexes                        3
   e - Alistair's Intoxication        Transmutation/Poison         5
   f - Invisibility                   Hexes                        6
Comestibles
 h - 6 bread rations
 i - 2 meat rations
 m - a royal jelly
 w - 2 chunks of flesh


   Skills:
 * Level 4.2(2.4) Fighting
 + Level 2.4(0.7) Armour
 * Level 4.8(3.1) Dodging
 + Level 3.5(1.8) Stealth
 * Level 5.3(3.5) Unarmed Combat
 * Level 4.8(3.1) Spellcasting
 * Level 4.6(2.9) Transmutations
 + Level 2.7(1.1) Ice Magic
 + Level 2.6(0.9) Poison Magic


You had 2 spell levels left.
You knew the following spells:

 Your Spells              Type           Power        Failure   Level  Hunger
a - Beastly Appendage     Tmut           ##....       17%         1    #......
b - Sticks to Snakes      Tmut           ##......     24%         2    ##.....
c - Spider Form           Tmut/Pois      #.........   50%         3    ###....
d - Ice Form              Ice/Tmut       #.......     85%         4    #####..
e - Blade Hands           Tmut           ##........   96%         5    ######.


Dungeon Overview and Level Annotations

Branches:
Dungeon (7/15)             Temple (1/1) D:7

Altars:
Ashenzari
Cheibriados
Dithmenos
Elyvilon
Fedhas
Gozag
Hepliaklqana
Kikubaaqudgha
Makhleb
Nemelex Xobeh
Okawaru
Qazlal
Ru
Sif Muna
Trog
Vehumet
Wu Jian
Xom
Yredelemnul
Zin
The Shining One

Annotations:
D:6 grindst0ne's ghost, novice FoFi
D:7 1 runed door, Joseph


Innate Abilities, Weirdness & Mutations

((You have sharp fingernails.))
((You are partially covered in iridescent scales. (AC +2)))
You regenerate health from kills.
You sometimes gain a little power by taking damage.


Message History

* * * LOW HITPOINT WARNING * * *
You feel drained.
You hit Joseph but do no damage.
Joseph looks as sick as possible!
Joseph is moderately wounded.
Joseph hits you with a quarterstaff of draining.
* * * LOW HITPOINT WARNING * * *
You feel drained.
* * * LOW HITPOINT WARNING * * *
Unknown command.
Unknown command.
Okay, then.
Unknown command.
As you read the scroll of fear, it crumbles to dust.
You assume a fearsome visage.
Joseph looks frightened!
Unknown command.
Your transformation is almost over.
Joseph unwields an uncursed quarterstaff of draining.
Joseph wields a hunting sling.
Joseph shoots a sling bullet.
The sling bullet hits you!!
You die...

#...# #...# #.#.#.#
#.#.#.# #@#.#.#
#.#.#.#########
#.#.#.#......(#
#.#.#.#.#####.#
#.#s#.#.# #.#
#@......# #.###
#####.#.### #...#
#..)..#.#########.#
...
###.#####.......))).#
#'# #...#
############# #.#
#...# ..###### #...#
#.##...# #...#


You could see Joseph.

Vanquished Creatures
  Grinder (D:4)
  A spriggan (D:7)
  An ice beast (D:6)
  An orc warrior (D:5)
  A sky beast (D:6)
  3 ogres
  A centaur (D:6)
  2 big kobolds
  Blork the orc (D:6)
  5 bullfrogs
  2 scorpions
  A water moccasin skeleton (D:6)
  2 howler monkeys (D:7)
  A bullfrog zombie (D:5)
  A crimson imp (D:5)
  A hound (D:7)
  A centaur zombie (D:5)
  A gnoll shaman (D:4)
  An orc priest (D:5)
  5 orc wizards
  A bullfrog skeleton (D:7)
  2 iguanas
  6 worker ants
  A hound skeleton (D:6)
  A worker ant zombie (D:6)
  4 adders
  5 gnolls
  2 shadow imps (D:6)
  2 oozes
  6 worms
  3 leopard geckos
  21 orcs
  2 ball pythons
  8 bats
  5 giant cockroaches
  10 goblins
  8 hobgoblins
  2 jackals (D:4)
  2 quokkas
  5 frilled lizards
  16 kobolds
  10 rats
155 creatures vanquished.

Notes
Turn   | Place    | Note
-------+----------+-------------------------------------------
     0 | D:1      | Kidiri the Demonspawn Transmuter began the quest for the Orb.
     0 | D:1      | Reached XP level 1. HP: 15/15 MP: 3/3
   756 | D:1      | Gained mutation: You regenerate a little health from kills. [demonic ancestry]
   756 | D:1      | Reached XP level 2. HP: 21/21 MP: 5/5
   760 | D:1      | Learned a level 2 spell: Sticks to Snakes
  1646 | D:2      | Reached skill level 3 in Unarmed Combat
  1646 | D:2      | Reached XP level 3. HP: 8/26 MP: 4/6
  2169 | D:2      | Learned a level 3 spell: Spider Form
  2875 | D:2      | Gained mutation: You sometimes gain a little power by taking damage. [demonic ancestry]
  2875 | D:2      | Reached XP level 4. HP: 19/32 MP: 0/7
  3829 | D:3      | Found a shadowy altar of Dithmenos.
  3859 | D:3      | Reached skill level 1 in Stealth
  3916 | D:3      | Found an iron altar of Okawaru.
  5118 | D:4      | Gained mutation: You regenerate health from kills. [demonic ancestry]
  5118 | D:4      | Reached XP level 5. HP: 35/38 MP: 5/8
  5676 | D:4      | Reached XP level 6. HP: 44/44 MP: 2/10
  5746 | D:4      | Learned a level 4 spell: Ice Form
  5844 | D:4      | Noticed Grinder
  6308 | D:4      | Reached skill level 1 in Poison Magic
  6452 | D:4      | Reached skill level 1 in Armour
  6770 | D:4      | Found a sacrificial altar of Ru.
  6867 | D:4      | Reached skill level 4 in Unarmed Combat
  6867 | D:4      | Reached skill level 1 in Ice Magic
  6867 | D:4      | Gained mutation: You are partially covered in iridescent scales. (AC +2) [demonic ancestry]
  6867 | D:4      | Reached XP level 7. HP: 41/51 MP: 2/11
  6872 | D:4      | Paralysed by Grinder for 3 turns
  6886 | D:4      | Paralysed by Grinder for 3 turns
  6896 | D:4      | Paralysed by Grinder for 7 turns
  6910 | D:4      | Killed Grinder
  7207 | D:5      | Entered Level 5 of the Dungeon
  7783 | D:5      | Reached XP level 8. HP: 55/58 MP: 6/13
  8263 | D:6      | Noticed grindst0ne's ghost (novice FoFi)
  8291 | D:6      | Noticed Blork the orc
  8558 | D:6      | Learned a level 5 spell: Blade Hands
  8823 | D:6      | Killed Blork the orc
  9400 | D:7      | Reached skill level 5 in Unarmed Combat
  9622 | D:7      | Gained mutation: You have sharp fingernails. [demonic ancestry]
  9622 | D:7      | Reached XP level 9. HP: 53/65 MP: 12/15
  9681 | D:7      | Found a staircase to the Ecumenical Temple.
  9723 | Temple   | Entered the Ecumenical Temple
  9976 | Temple   | Became a worshipper of the Wu Jian Council
 10101 | D:7      | Found a runed door.
 10147 | D:7      | Found a shimmering altar of Xom.
 10234 | D:7      | Noticed Joseph
 10266 | D:7      | Shot with a sling bullet by Joseph

Vault maps used:
D:1:      lightli_arrival_statuegarden, minmay_pentomino_t2
D:2:      kb_forest_paths, minmay_tripent
D:3:      nicolae_dithmenos_through_a_glass_darkly, okawaru_trees_1
D:4:      marbit_many_paths, serial_forest, infiniplex_forest_lined_3,
          infiniplex_forest_lined_ring, infiniplex_forest_join,
          infiniplex_forest_lined_2, infiniplex_forest_corner_2, uniq_grinder
D:5:      first_bread, serial_corexii_hall, corexii_hall_statues_i,
          corexii_hall_statues_x
D:6:      uniq_blork_the_orc
D:7:      lemuel_crystal_altar, minmay_temple_entry_glass, the_bakery,
          uniq_crazy_yiuf_cottage, uniq_joseph
Temple:   dpeg_five_rooms_temple

Skill      XL: |  1  2  3  4  5  6  7  8 |
---------------+-------------------------+-----
Transmutations | 2 3 4 |  4.6
Dodging        | 2 3 4 |  4.8
Unarmed Combat | 3 4 5 |  5.3
Stealth        | 1 2 3 |  3.5
Fighting       | 2 3 4 |  4.2
Poison Magic   | 1 2 |  2.6
Spellcasting   | 3 4 |  4.8
Armour         | 1 2 |  2.4
Ice Magic      | 1 2 |  2.7

Action                   |  1- 3 |  4- 6 |  7- 9 || total
-------------------------+-------+-------+-------++-------
Melee: Unarmed           |   180 |   206 |   339 ||   725
       Headbutt          |    13 |     1 |       ||    14
       Kick              |    18 |     9 |    13 ||    40
       Punch             |     2 |     1 |     1 ||     4
 Cast: Beastly Appendage |    32 |    10 |    10 ||    52
       Spider Form       |     4 |    20 |    25 ||    49
       Sticks to Snakes  |     1 |       |       ||     1
  Use: Scroll            |     8 |     3 |    11 ||    22
       Potion            |       |     1 |       ||     1
 Stab: Sleeping          |     2 |     5 |     1 ||     8
  Eat: Chunk             |     8 |     7 |     8 ||    23
       Bread ration      |       |     2 |     1 ||     3
       Royal jelly       |       |       |     1 ||     1
Armor: Robe              |    26 |     8 |       ||    34
       Skin              |       |     3 |     6 ||     9
       Leather armour    |       |     4 |    18 ||    22
Dodge: Dodged            |   122 |   125 |   236 ||   483
       Deflected         |       |       |     1 ||     1
Block: Buckler           |       |       |    18 ||    18
